 Dungeon Sprint DCSS version 0.28-a0-313-gbc0475efdd (webtiles) character file.

Game seed: 16843612395689785570

1803 Ankalagon the Severer (level 9, -5/90 HPs)
             Began as a Hill Orc Gladiator on Aug 31, 2021.
             Was a Follower of Yredelemnul.
             Slain by a polar bear (27 damage)
             ... in the Dungeon (Sprint II: "The Violet Keep of Menkaure").
             The game lasted 00:02:58 (723 turns).

Ankalagon the Severer (Hill Orc Gladiator)           Turns: 723, Time: 00:02:59

Health: -5/90      AC:  5    Str: 17    XL:     9   Next: 9%
Magic:  9/9        EV: 20    Int:  8    God:    Yredelemnul [*.....]
Gold:   20         SH:  0    Dex: 15    Spells: 8/8 levels left

rFire   . . .      SeeInvis .   i - +1 battleaxe (vorpal)
rCold   . . .      Faith    .   (shield currently unavailable)
rNeg    . . .      Spirit   .   b - +0 leather armour
rPois   .          Reflect  .   c - +0 helmet
rElec   .          Harm     .   k - +0 cloak
rCorr   .          Rampage  .   (no gloves)
Will    .....      NoTele   +   (no boots)
Stlth   +.........              (no amulet)
HPRegen 0.25/turn               l - +4 ring of evasion
MPRegen 0.11/turn               (no ring)

@: hasted, very quick
A: no striking features
a: Renounce Religion, Animate Remains


You were in the Dungeon.
You worshipped Yredelemnul.
Yredelemnul was aware of your devotion.
You visited 1 branch You collected 729 gold pieces.
You spent 709 gold pieces at shops.

Inventory:

Hand Weapons
 a - a +0 war axe
 i - a +1 vorpal battleaxe (weapon)
Missiles
 d - 3 throwing nets (quivered)
Armour
 b - a +0 leather armour (worn)
 c - a +0 helmet (worn)
 k - a +0 cloak (worn)
Jewellery
 l - a +4 ring of evasion (left hand)
Scrolls
 j - a scroll of blinking
Potions
 e - a potion of curing
 h - 2 potions of magic


   Skills:
 + Level 12.0 Fighting
 + Level 17.4 Axes
 - Level 1.7 Throwing
 + Level 8.6 Dodging


You had 8 spell levels left.
You didn't know any spells.
Your spell library was empty.

Dungeon Overview and Level Annotations

Branches:
Dungeon (1/1)

Altars:
Cheibriados
Dithmenos
Elyvilon
Fedhas
Gozag
Hepliaklqana
Kikubaaqudgha
Makhleb
Nemelex Xobeh
Okawaru
Qazlal
Ru
Sif Muna
Trog
Uskayaw
Vehumet
Wu Jian
Xom
Yredelemnul
Zin
The Shining One
Beogh
Jiyva
Lugonu

Shops:
D ?:!:==![((=!?[[

Annotations:
D exclusion: oklob plant


Message History

The polar bear completely misses you. x2
The polar bear claws you but does no damage.
Your Axes skill increases to level 17!
Your Dodging skill increases to level 8!
You hit the polar bear.
The polar bear is almost dead.
You slice the polar bear!! You barely miss the hornet.
The polar bear bites you but does no damage.
The polar bear claws you.
* * * LOW HITPOINT WARNING * * *
The polar bear misses you.
You hit the polar bear.
The polar bear is almost dead.
You barely miss the polar bear. You barely miss the hornet.
The hornet closely misses you. The polar bear barely misses you. x2
The polar bear claws you but does no damage.
You slash the polar bear!
You kill the polar bear!
Yredelemnul accepts your kill.
You can now animate remains.
You slash the hornet! You slash the polar bear! The hornet misses you.
The polar bear goes berserk!
Your Fighting skill increases to level 12!
You have reached level 9!
Your experience leads to an increase in your attributes!
Increase (S)trength, (I)ntelligence, or (D)exterity?
You feel agile.
You closely miss the hornet.
The hornet is moderately wounded.
You hit the polar bear. The hornet completely misses you.
You closely miss the polar bear.
The polar bear is almost dead.
You barely miss the hornet.
The walls and floor vibrate strangely for a moment.
The polar bear misses you. x2
The polar bear claws you but does no damage.
You barely miss the polar bear.
The polar bear is almost dead.
You closely miss the hornet. The hornet misses you. The polar bear bites you!!
You die...
Your body rises from the dead as a mindless zombie.

###.##..# +..# .#▓!!$?(!
##...#..# #..# h#▓?$!(???
.'##.'..####..##.#▓(!)$([!
##.###....###...##▓▓▓▓▓▓▓+
###.##......≈≈≈≈≈≈≈≈≈≈≈≈≈
.####≈≈.....≈#'########+###
..#≈≈≈≈§≈§..≈#....._._#≈§≈##
.##≈≈≈§§≈§≈.≈#.y†h_._.#≈§§≈#
##≈≈≈≈§§≈≈§≈≈#.†@_._._#S≈≈§≈
≈≈≈≈≈§≈≈≈§§§§#.._._._.#S≈≈≈≈
+++#≈≈≈≈≈§≈≈≈#._._._._#≈≈≈§
≈≈○##≈≈≈###≈≈#_._._._.#§§≈§≈
≈≈§§##§§# #≈≈#._._._..#§§§§§
≈°°≈≈+≈≈# #≈≈#.._._._.#§§≈≈
°≈≈§##≈≈≈≈≈≈≈##########§§≈§▓
°°°## ######≈≈≈≈≈≈≈≈§§≈≈≈▓
#### ###≈########≈▓▓▓▓


You could see a polar bear (berserk), a hornet and 2 water moccasins.

Vanquished Creatures
  A merfolk siren (D)
  A yaktaur (D)
  2 polar bears (D)
  2 wyverns (D)
  Menkaure (D)
  4 necrophages (D)
  3 worms (D)
14 creatures vanquished.

Vanquished Creatures (others)
  A water moccasin (D)
1 creature vanquished.

Grand Total: 15 creatures vanquished

Notes
Turn   | Place    | Note
-------+----------+-------------------------------------------
     0 | D        | Ankalagon the Hill Orc Gladiator began the quest for the
                  | Orb.
     0 | D        | Reached XP level 1. HP: 18/18 MP: 1/1
     1 | D        | Noticed a necrophage
     1 | D        | Noticed a necrophage
     1 | D        | Noticed a necrophage
     1 | D        | Noticed a necrophage
    11 | D        | Killed a necrophage
    12 | D        | Reached skill level 11 in Axes
    12 | D        | Reached XP level 2. HP: 23/25 MP: 2/2
    12 | D        | Reached XP level 3. HP: 28/30 MP: 3/3
    12 | D        | Reached XP level 4. HP: 34/37 MP: 4/4
    19 | D        | Killed a necrophage
    20 | D        | Reached skill level 13 in Axes
    20 | D        | Reached XP level 5. HP: 27/42 MP: 5/5
    22 | D        | Killed a necrophage
    23 | D        | Reached skill level 14 in Axes
    23 | D        | Reached XP level 6. HP: 20/55 MP: 6/6
    26 | D        | Killed a necrophage
   371 | D        | Noticed a merfolk siren
   387 | D        | Killed a merfolk siren
   388 | D        | Reached skill level 15 in Axes
   388 | D        | Reached XP level 7. HP: 35/69 MP: 7/7
   552 | D        | Found Lixidd's Antique Armour Emporium.
   553 | D        | Found Atuneng's Magic Scroll Shoppe.
   554 | D        | Found Jimool's Jewellery Emporium.
   554 | D        | Found Bicacoda's Antique Weapon Shoppe.
   554 | D        | Found Degiyst's Antique Armour Shoppe.
   554 | D        | Found Nioneep's Antique Weapon Emporium.
   555 | D        | Found Zaesh's Distillery.
   555 | D        | Found Koesho's Jewellery Shoppe.
   555 | D        | Found Muedihif's Distillery.
   555 | D        | Found Zed Mace's Jewellery Shoppe.
   555 | D        | Noticed a cane toad
   556 | D        | Found Lirhosh's Armour Shoppe.
   558 | D        | Found Pomi's Book Shoppe.
   558 | D        | Found Veneseon's Distillery.
   558 | D        | Noticed Menkaure
   558 | D        | Noticed a cane toad
   558 | D        | Noticed an oklob plant
   559 | D        | Found Xouwkewk's Magic Scroll Shoppe.
   559 | D        | Found Idamumn's Book Shoppe.
   571 | D        | Killed Menkaure
   572 | D        | Reached skill level 16 in Axes
   577 | D        | Bought a runed battleaxe for 190 gold pieces
   586 | D        | Bought a +0 cloak for 58 gold pieces
   596 | D        | Bought a +4 ring of evasion for 396 gold pieces
   607 | D        | Bought a potion of heal wounds for 65 gold pieces
   642 | D        | Noticed a wyvern
   642 | D        | Noticed a wyvern
   648 | D        | Killed a wyvern
   649 | D        | Reached skill level 10 in Fighting
   649 | D        | Reached XP level 8. HP: 53/79 MP: 8/8
   649 | D        | Killed a wyvern
   667 | D        | Found a snail-covered altar of Cheibriados.
   668 | D        | Found a shadowy altar of Dithmenos.
   671 | D        | Found a white marble altar of Elyvilon.
   671 | D        | Found an ancient bone altar of Kikubaaqudgha.
   671 | D        | Found a roughly hewn altar of Beogh.
   671 | D        | Found a viscous altar of Jiyva.
   689 | D        | Found a blossoming altar of Fedhas.
   689 | D        | Found a corrupted altar of Lugonu.
   689 | D        | Found a shimmering blue altar of Sif Muna.
   689 | D        | Found a hazy altar of Hepliaklqana.
   689 | D        | Found a sacrificial altar of Ru.
   690 | D        | Found an opulent altar of Gozag.
   690 | D        | Found a burning altar of Makhleb.
   690 | D        | Found a bloodstained altar of Trog.
   691 | D        | Found a sparkling altar of Nemelex Xobeh.
   691 | D        | Found a hide-covered altar of Uskayaw.
   692 | D        | Found a basalt altar of Yredelemnul.
   693 | D        | Found an iron altar of Okawaru.
   693 | D        | Found a radiant altar of Vehumet.
   693 | D        | Found a glowing silver altar of Zin.
   693 | D        | Found a shimmering altar of Xom.
   693 | D        | Noticed a hornet
   693 | D        | Noticed a polar bear
   693 | D        | Noticed a polar bear
   694 | D        | Found a stormy altar of Qazlal.
   694 | D        | Found an ornate altar of the Wu Jian Council.
   694 | D        | Found a glowing golden altar of the Shining One.
   694 | D        | Noticed a yaktaur
   694 | D        | Noticed a polar bear
   702 | D        | Became a worshipper of Yredelemnul the Dark
   715 | D        | Killed a polar bear
   717 | D        | Killed a yaktaur
   718 | D        | Reached skill level 17 in Axes
   720 | D        | Killed a polar bear
   720 | D        | Reached * piety under Yredelemnul
   721 | D        | Reached XP level 9. HP: 22/90 MP: 9/9
   723 | D        | Slain by a polar bear

Illustrated notes

Levels and vault maps discovered:
D:        the_violet_keep_of_menkaure [sprint2_stairs_cluster_1,
          sprint2_shoproom, sprint2_temple, sprint2_basic_supplies,
          sprint2_obstacle_5, sprint2_obstacle_7, sprint2_obstacle_4,
          sprint2_obstacle_1, sprint2_obstacle_6, sprint2_timed_cluster_1,
          sprint2_smallroom_cluster_1, sprint2_smallroom_final_cluster_1,
          sprint2_transparent_cluster_1, sprint2_second_timed_cluster_1,
          sprint2_sniper_area_1, sprint2_heavy_combat_area_1,
          sprint2_mutation_trap_area_1, sprint2_forest_area_1,
          sprint2_light_combat_area_1, sprint2_behind_water_1,
          sprint2_near_end_vault_1]

Skill      XL: |  1  2  3  4  5  6  7  8 |
---------------+-------------------------+-----
Axes           | 11 13 14 15 16 17 | 17.4
Fighting       | 4 8 10 12 | 12.0
Dodging        | 3 6 7 8 |  8.6
Throwing       | |  1.7

Action                   |  1- 3 |  4- 6 |  7- 9 || total
-------------------------+-------+-------+-------++-------
Melee: War axe           |     8 |    39 |     5 ||    52
       Battleaxe         |       |       |    20 ||    20
  Use: Potion            |     1 |       |     3 ||     4
Armor: Leather armour    |     2 |     2 |     9 ||    13
Dodge: Dodged            |     2 |     6 |    50 ||    58

Table legend: (Time is in decaauts)
 A = Elapsed time spent in this place.
 B = Non-inter-level travel time spent in this place.
 C = Inter-level travel time spent in this place.
 D = Time resting spent in this place.
 E = Time spent auto-exploring this place.
 F = Levels seen in this place.
 G = Mean time per level.
                   A        B        C        D        E       F      G
               +--------+--------+--------+--------+--------+-----+--------+
         Total |    732 |    732 |      0 |    476 |     24 |   1 |  732.0 |
       Dungeon |    732 |    732 |      0 |    476 |     24 |   1 |  732.0 |
               +--------+--------+--------+--------+--------+-----+--------+

Top non-repeatable levels by time:
       D: 732 daAuts
